 Dungeon Crawl Stone Soup version 0.31.0-12-g77e489cdc1 (webtiles) character file.

Game seed: 13284951870131732021

284 Baz the Slasher (level 6, 0/55 HPs)
             Began as a Minotaur Fighter on Feb 27, 2024.
             Slain by an orc
             ... wielding a +0 whip of venom
              (3 damage)
             ... on level 4 of the Dungeon.
             The game lasted 00:02:52 (2081 turns).

Baz the Slasher (Minotaur Fighter)                  Turns: 2081, Time: 00:02:53

Health: 0/55       AC:  7    Str: 22    XL:     6   Next: 7%
Magic:  5/5        EV:  9    Int:  5    God:
Gold:   127        SH:  4    Dex: 10    Spells: 5/5 levels left

rFire   . . .        a - +0 long sword
rCold   . . .        c - +0 buckler
rNeg    . . .        b - +0 scale mail
rPois   .            (helmet restricted)
rElec   .            (no cloak)
rCorr   .            (no gloves)
SInv    .            (no boots)
Will    .....        (no amulet) Stlth
                     (no ring)
HPRegen 0.29/turn    (no ring)
MPRegen 0.09/turn

%: no passive effects
@: lethally poisoned (0 -> -15)
A: horns 2, retaliatory headbutt
a: no special abilities


You were on level 4 of the Dungeon.
You visited 1 branch of the dungeon, and saw 4 of its levels.

You collected 127 gold pieces.

Inventory:

Hand Weapons
 a - a +0 long sword (weapon)
 p - the +1 dagger "Senuce" {pain, rCorr}
   (You found it on level 3 of the Dungeon)

   rCorr:     It protects you from acid and corrosion.
Armour
 b - a +0 scale mail (worn)
 c - a +0 buckler (worn)
Jewellery
 g - an amulet of magic regeneration
 q - a ring of magical power
Scrolls
 e - a scroll of vulnerability {unknown}
 h - 3 scrolls of teleportation
 i - 8 scrolls of identify {unknown}
 j - 2 scrolls of poison {unknown}
 l - a scroll of immolation {unknown}
 n - a scroll of fog {unknown}
Potions
 d - a potion of might
 f - 2 potions of attraction {unknown}
 k - a potion of enlightenment {unknown}
 m - a potion of ambrosia {unknown}
 o - a potion of curing {unknown}


   Skills:
 + Level 4.9 Fighting
 * Level 5.2 Long Blades
 + Level 4.8 Armour
 + Level 4.8 Shields


You had 5 spell levels left.
You didn't know any spells.
Your spell library contained the following spells:

 Spells                   Type           Power      Damage    Failure   Level
 Magic Dart               Conj           0%         1d3       85%         1
 Necrotise                Necr           0%         1d4       85%         1
 Blink                    Tloc           0%         N/A       94%         2
 Call Imp                 Summ           0%         N/A       94%         2
 Vampiric Draining        Necr           0%         2d6       99%         3
 Martyr's Knell           Necr/Summ      0%         N/A       100%        4
 Alistair's Intoxication  Alch           0%         N/A       100%        5
 Borgnjor's Vile Clutch   Necr/Erth      0%         N/A       100%        5
 Curse of Agony           Necr           0%         N/A       100%        5
 Eringya's Noxious Bog    Alch           0%         4d6       100%        6


Dungeon Overview and Level Annotations

Branches:
Dungeon (4/15)
 Temple: D:4-7

Altars:

Shops:
D:1 ?:


Innate Abilities, Weirdness & Mutations

You have a pair of horns on your head.
You reflexively headbutt those who attack you in melee.


Message History

You furiously retaliate!
You headbutt the orc!
You kill the orc!
Something hits you but does no damage.
The orc hits you with a +0 whip of venom.
You are more poisoned.
The orc closely misses you.
You hear some strange, mumbled words.
Something tries to affect you, but you resist.
You miss something.
You feel very sick.
The orc hits you with a +0 whip of venom.
You are more poisoned.
Something hits you.
Unknown command.
You barely miss something. Your headbutt misses something.
You feel very sick. The orc closely misses you. You furiously retaliate!
You headbutt the orc, but do no damage. Something hits you but does no damage.
Unknown command.
You slash something!
You feel very sick. The orc hits you but does no damage.
You hear some strange, mumbled words.
A puff of flame appears from out of thin air!
The puff of flame hits you!
Unknown command.
You barely miss something.
You feel very sick.
The orc hits you with a +0 whip of venom.
* * * LOW HITPOINT WARNING * * *
You are lethally poisoned!
Something hits you.
* * * LOW HITPOINT WARNING * * *
You slash something!
Reactivating autopickup.
You feel a bit more experienced.
* * * LOW HITPOINT WARNING * * *
You feel very sick.
The orc hits you with a +0 whip of venom.
You die...

#.#.....## ..
........# .>.
.......##...
...........
.........#
#.......#
#))o...## .
###@.....#
...##.......##
.........####
...........###
#............#
#............#
##...........#
#...........#
...........###


You could see an orc.

Vanquished Creatures
  A jelly (D:3)
  An iguana (D:4)
  Jessica (D:2)
  Natasha (twice) (D:3)
  An orc wizard (D:4)
  A howler monkey skeleton (D:3)
  6 adders
  A white imp (D:3)
  An adder skeleton (D:3)
  An adder zombie (D:3)
  2 dart slugs
  A ribbon worm (D:3)
  2 orcs
  3 endoplasms
  6 giant cockroaches
  6 goblins
  A hobgoblin (D:1)
  4 jackals (D:3)
  2 quokkas (D:3)
  8 ball pythons
  A ball python skeleton (D:3)
  A ball python zombie (D:3)
  4 bats
  3 frilled lizards
  3 kobolds
  7 rats
  A spectral ball python (D:3)
71 creatures vanquished.

Notes
Turn   | Place    | Note
-------+----------+-------------------------------------------
     0 | D:1      | Baz the Minotaur Fighter began the quest for the Orb.
     0 | D:1      | Reached XP level 1. HP: 19/19 MP: 0/0
   124 | D:1      | Reached XP level 2. HP: 12/27 MP: 1/1
   262 | D:1      | Found Kethecs's Magic Scroll Emporium.
   336 | D:1      | Reached skill level 3 in Long Blades
   404 | D:1      | Found Ciuggyjai's Vocational Training.
   689 | D:2      | Noticed Jessica
   700 | D:2      | Killed Jessica
   701 | D:2      | Reached XP level 3. HP: 33/33 MP: 2/2
   796 | D:2      | Reached XP level 4. HP: 40/40 MP: 3/3
  1092 | D:3      | Reached skill level 4 in Long Blades
  1375 | D:3      | Reached XP level 5. HP: 47/47 MP: 4/4
  1504 | D:3      | Noticed Natasha
  1513 | D:3      | Killed Natasha
  1647 | D:3      | Identified the +1 dagger "Senuce" {pain, rCorr}
  1950 | D:3      | Noticed Natasha
  1958 | D:3      | Killed Natasha
  2023 | D:3      | Reached skill level 5 in Long Blades
  2033 | D:4      | Reached XP level 6. HP: 55/55 MP: 5/5
  2081 | D:4      | Slain by an orc

Illustrated notes

Levels and vault maps discovered:
D:1:      tarquinn_simple_flora_water_b, layout_rooms, serial_shops, shop,
          nicolae_shop_vocational
D:2:      layout_rooms, chequers_jeans, grunt_decor_cap, uniq_jessica
D:3:      layout_basic, dilly_guarded_unrand_morg
D:4:      layout_cave_pools, riverfiend_overflow_shadow_ancestor,
          minmay_temple_entry_gardened_gates, serial_glass, glass_columns_a,
          glass_columns_c, chequers_arboretum, uniq_pikel

Skill      XL: |  1  2  3  4  5 |
---------------+----------------+-----
Long Blades    | 3 4 5 |  5.2
Fighting       | 4 |  4.9
Armour         | 4 |  4.8
Shields        | 4 |  4.8

Action                     |  1- 3 |  4- 6 || total
---------------------------+-------+-------++-------
  Melee: Long sword        |    74 |   113 ||   187
         Headbutt          |    10 |    16 ||    26
    Use: Scroll            |     1 |       ||     1
 Armour: Scale mail        |    55 |   108 ||   163
  Dodge: Dodged            |    35 |    52 ||    87
  Block: Buckler           |    20 |    43 ||    63
